 Dungeon Crawl Stone Soup version 0.22-a0-897-g1b7a381375 (webtiles) character file.

279 Mirvelgyr the Cleaver (level 6, 0/51 HPs)
             Began as a Minotaur Berserker on July 31, 2018.
             Was a Priest of Trog.
             Slain by a hound (5 damage)
             ... on level 5 of the Dungeon.
             The game lasted 00:03:24 (2810 turns).

Mirvelgyr the Cleaver (Minotaur Berserker)          Turns: 2810, Time: 00:03:25

Health: 0/51       AC:  7    Str: 21    XL:     6   Next: 5%
Magic:  5/5        EV: 10    Int:  4    God:    Trog [***...]
Gold:   187        SH:  0    Dex: 12    Spells: 5/5 levels left

rFire    . . .     SeeInvis .   p - +0 war axe
rCold    . . .     Gourm    .   (no shield)
rNeg     . . .     Faith    .   g - +0 scale mail
rPois    .         Spirit   .   (helmet restricted)
rElec    .         Reflect  .   (no cloak)
rCorr    .         Harm     .   h - +0 pair of gloves
MR       .....                  (no boots)
Stlth    ..........             (no amulet)
HPRegen  0.17/turn              (no ring)
MPRegen  0.09/turn              (no ring)

@: no status effects
A: retaliatory headbutt, horns 2
a: Berserk, Trog's Hand, Renounce Religion


You were on level 5 of the Dungeon.
You worshipped Trog.
Trog was most pleased with you.
You were not hungry.

You visited 1 branch of the dungeon, and saw 5 of its levels.

You collected 187 gold pieces.

Inventory:

Hand Weapons
 p - a +0 war axe (weapon)
Armour
 g - a +0 scale mail (worn)
 h - a +0 pair of gloves (worn)
Scrolls
 a - a scroll of magic mapping {unknown}
 b - a scroll of enchant weapon {unknown}
 i - 3 scrolls of identify {unknown}
 j - 2 scrolls of remove curse {unknown}
 l - 2 scrolls of blinking {unknown}
 o - a scroll of amnesia {unknown}
 r - a scroll of teleportation {unknown}
Potions
 d - a potion of heal wounds {unknown}
 e - a potion of resistance {unknown}
 f - 3 potions of lignification {unknown}
 k - 3 potions of curing {unknown}
 m - a potion of ambrosia {unknown}
 n - a potion of might {unknown}
 q - a potion of degeneration {unknown}
 s - a potion of brilliance {unknown}
 t - a potion of mutation {unknown}
Comestibles
 c - 8 rations
 u - 4 chunks of flesh


   Skills:
 - Level 3.6 Fighting
 + Level 8.2 Axes
 - Level 2.4 Armour
 - Level 2.1 Dodging


You had 5 spell levels left.
You didn't know any spells.
Your spell library was empty.

Dungeon Overview and Level Annotations

Branches:
Dungeon (5/15)
 Temple: D:4-7

Altars:
Ru
Trog
Uskayaw


Innate Abilities, Weirdness & Mutations

You reflexively headbutt those who attack you in melee.
You have a pair of horns on your head.


Message History

The hound bites you but does no damage. The hound barely misses you.
You furiously retaliate!
You headbutt the hound! You barely miss the hound.
The hound is almost dead.
The hound bites you but does no damage. The hound bites you.
* * * LOW HITPOINT WARNING * * *
You miss the hound. Your headbutt misses the hound.
The hound is almost dead.
The hound bites you.
* * * LOW HITPOINT WARNING * * *
You closely miss the hound. Your headbutt misses the hound.
The hound is almost dead.
The hound barely misses you. The hound bites you.
* * * LOW HITPOINT WARNING * * *
You closely miss the hound.
The hound is almost dead.
The hound bites you.
* * * LOW HITPOINT WARNING * * *
The hound bites you.
You die...

####### #######
......############.....#
......#...#......h.....#
......#...#.....@#.....#
......#...#......#.....#
......#...##.....#.....#
......#...##.....#.....#
.................#.h...#
######....##.....#.......
##...##.....#.....$..
#...........#..........
#...........#..........


You could see a hound.

Vanquished Creatures
  A scorpion (D:5)
  An iguana (D:5)
  An orc wizard (D:3)
  A worker ant (D:4)
  6 adders
  An ooze (D:4)
  2 worms
  3 dart slugs
  6 leopard geckos
  11 orcs
  8 giant cockroaches
  6 hobgoblins
  6 jackals
  7 kobolds
  2 quokkas (D:3)
  3 ball pythons
  7 bats
  5 frilled lizards
  7 goblins
  A leopard gecko skeleton (D:5)
  4 rats
89 creatures vanquished.

Notes
Turn   | Place    | Note
-------+----------+-------------------------------------------
     0 | D:1      | Mirvelgyr the Minotaur Berserker began the quest for the Orb.
     0 | D:1      | Reached XP level 1. HP: 19/19 MP: 0/0
    35 | D:1      | Reached skill level 4 in Axes
   103 | D:1      | Reached XP level 2. HP: 15/26 MP: 1/1
   765 | D:2      | Found a hide-covered altar of Uskayaw.
   769 | D:2      | Reached skill level 5 in Axes
   773 | D:2      | Reached ** piety under Trog
   773 | D:2      | Reached XP level 3. HP: 30/31 MP: 2/2
   826 | D:2      | Found a sacrificial altar of Ru.
   874 | D:2      | You fall through a shaft!
  1313 | D:2      | Reached XP level 4. HP: 39/39 MP: 3/3
  1388 | D:3      | Reached skill level 6 in Axes
  1641 | D:3      | Reached *** piety under Trog
  1651 | D:3      | Reached skill level 7 in Axes
  1651 | D:3      | Reached XP level 5. HP: 28/45 MP: 4/4
  2688 | D:5      | Entered Level 5 of the Dungeon
  2714 | D:5      | Found a bloodstained altar of Trog.
  2722 | D:5      | Reached skill level 8 in Axes
  2754 | D:5      | Reached XP level 6. HP: 15/51 MP: 5/5
  2810 | D:5      | Slain by a hound

Vault maps used:
D:1:      lightli_arrival_boilingwater
D:2:      lemuel_crystal_altar, nicolae_ru_path_of_blood
D:3:      kennysheep_pointless_box
D:4:      kennysheep_big_flooded_room
D:5:      overflow_temple_1_default, minmay_temple_entry_mist, serial_shops,
          nicolae_shop_statue_plus, first_ration, trog_book, uniq_sigmund,
          uniq_menkaure

Skill      XL: |  1  2  3  4  5 |
---------------+----------------+-----
Axes           | 4 5 7 8 |  8.2
Fighting       | |  3.6
Armour         | |  2.4
Dodging        | |  2.1

Action                   |  1- 3 |  4- 6 || total
-------------------------+-------+-------++-------
Melee: Hand axe          |   110 |    48 ||   158
       Headbutt          |     9 |    21 ||    30
       War axe           |       |    62 ||    62
  Eat: Chunk             |     1 |     5 ||     6
Armor: Scale mail        |    52 |    38 ||    90
       Animal skin       |     1 |       ||     1
Dodge: Dodged            |    63 |    60 ||   123

Table legend:
 A = Spawn XP
 B = Non-spawn XP
 C = Spawn XP percentage of total XP
 D = Spawn monster count
 E = Non-spawn monster count
 F = Spawn count percentage of total count
 G = Total turns spent on level
                    A         B        C        D         E        F      G
               +---------+---------+-------+---------+---------+-------+---------
         Total |       0 |     399 |   0.0 |       0 |      89 |   0.0 |  2810
               +---------+---------+-------+---------+---------+-------+---------
           D:1 |       0 |      29 |   0.0 |       0 |      16 |   0.0 |   682
           D:2 |       0 |      54 |   0.0 |       0 |      18 |   0.0 |   599
           D:3 |       0 |     127 |   0.0 |       0 |      33 |   0.0 |   828
           D:4 |       0 |      94 |   0.0 |       0 |      17 |   0.0 |   579
           D:5 |       0 |      95 |   0.0 |       0 |       5 |   0.0 |   122
               +---------+---------+-------+---------+---------+-------+---------
